 Dungeon Crawl Stone Soup version 0.30-a0-930-gb9d0489357 (webtiles) character file.

Game seed: 16384891366249225649

16 Esekla the Sneak (level 2, -16/21 HPs)
             Began as an Octopode Delver on Mar 23, 2023.
             Demolished by a sleepcap (21 damage)
             ... on level 5 of the Dungeon.
             The game lasted 00:02:22 (100 turns).

Esekla the Sneak (Octopode Delver)                   Turns: 100, Time: 00:02:23

Health: -16/21     AC:  1    Str: 11    XL:     2   Next: 54%
Magic:  2/2        EV:  2    Int: 12    God:
Gold:   34         SH:  0    Dex: 13    Spells: 1/1 levels left

rFire   . . .      SeeInvis .    a - +0 falchion
rCold   . . .      Faith    .    g - +0 kite shield
rNeg    . . .      Spirit   .    (helmet restricted)
rPois   .          Reflect  .    (no amulet)
rElec   .          Rampage  .    (no ring)
rCorr   .                        (no ring)
Will    .....                    (no ring)
Stlth   ++++                     (no ring)
HPRegen 0.23/turn                (no ring)
MPRegen 0.08/turn                (no ring)
                                 (no ring)
                                 (no ring)

@: sleeping, marked
A: almost no armour, amphibious, 8 rings, camouflage 1, gelatinous body 1,
(nimble swimmer 1), tentacles
a: no special abilities


You were on level 5 of the Dungeon.
You visited 1 branch of the dungeon, and saw 1 of its levels.

You collected 34 gold pieces.

Inventory:

Hand Weapons
 a - a +0 falchion (weapon)
 h - a +0 trident
 i - a +0 dagger
Armour
 g - a +0 kite shield (worn)
Wands
 f - a wand of digging (3)
Scrolls
 b - a scroll of fog
Potions
 c - a potion of might {unknown}
 e - a potion of haste


   Skills:
 * Level 3.1 Fighting
 * Level 2.1 Long Blades
 * Level 2.1 Dodging
 + Level 6.9 Stealth
 * Level 0.4 Spellcasting


You had one spell level left.
You didn't know any spells.
Your spell library was empty.

Dungeon Overview and Level Annotations

Branches:
Dungeon (5/15)
 Temple: D:4-7

Altars:

Shops:
D:5 !*[*


Innate Abilities, Weirdness & Mutations

You cannot wear most types of armour.
You are amphibious.
You can wear up to eight rings at the same time.
Your skin changes colour to match your surroundings (Stealth+).
Your rubbery body absorbs attacks. (AC +1, EV +1)
((You are camouflaged when in or above water. (Stealth+)))
You have tentacles for arms and can constrict up to eight enemies at once.


Message History

Found a falchion.
You start putting on your armour.
You continue putting on your +0 kite shield. x4
The adder sets off the alarm!
The alarm trap emits a blaring wail!
A sentinel's mark forms upon you.
You hear a shout!
You hear an angry hiss.
You hear a shout! x2
You hear an angry hiss.
You hear a shout!
You hear an angry hiss.
You hear a shout! x5; You hear a bark!
You hear a shout!
You finish putting on your +0 kite shield.
Found Gulaus's General Store.
A sleepcap comes into view.
The sleepcap attacks as you move away! The sleepcap releases spores at you.
There is an entrance to Gulaus's General Store here.
You can access your shopping list by pressing '$'.
As you read the scroll of fear, it crumbles to dust.
You assume a fearsome visage.
The adder looks frightened!
The orc looks frightened!
The sleepcap is unaffected.
The scorpion looks frightened!
The sleepcap closely misses you.
You hit the sleepcap. You grab the sleepcap.
The sleepcap is lightly damaged.
You constrict the sleepcap, but do no damage.
The sleepcap releases spores at you.
You hit the sleepcap.
The sleepcap is lightly damaged.
You hear the slow rusting of a drain very nearby.
You constrict the sleepcap, but do no damage.
You block the sleepcap's attack. The sleepcap releases spores at you.
* * * LOW HITPOINT WARNING * * *
You hit the sleepcap.
The sleepcap is moderately damaged.
You constrict the sleepcap, but do no damage.
The sleepcap releases spores at you.
* * * LOW HITPOINT WARNING * * *
You are engulfed in a cloud of soporific spores!
You fall asleep.
You lose your grip on the sleepcap.
The sleepcap releases spores at you!!
Ouch! That really hurt!
You die...

~~*,*****,,,*
#...##...#~~*,..** ,~*,*
*#.#####.#.###.##~~**..,*
~~*,* #..[....o.#
#[#~~~~*.#,, ~~*,*
#.♣.♣.♣.♣.# #.#~~~~*.#**
***,* ##..∩.#.∩..#
#.##~~##.##. * *,*
#..♣.♣.♣.♣(# #..#~~#....>
* *,* #)..#.⌠.#..#
#..+##+).#** * *,*
#..♣.♣.♣.♣.# ##.......# *
*,* #...∩.#.@..#
#.##.#.##** *,**
#..♣.♣.♣f♣.# #..#...#**,
*,,* #..........#
##.##.##*,, **,*
#.#.##.##### #....#**,*
*,* #so....# ###..##*,,*
*,* ###.#### #....# *,**
*,* #.# ##.##.#**,* *,*
#.# #..##.#*,,* *,* #.#
######.###..,,**


You could see a sleepcap, a scorpion (fleeing) and an orc (fleeing).

Vanquished Creatures
  An adder (D:5)
  A dart slug (D:5)
  2 orcs (D:5)
4 creatures vanquished.

Notes
Turn   | Place    | Note
-------+----------+-------------------------------------------
     0 | D:5      | Esekla the Octopode Delver began the quest for the Orb.
     0 | D:5      | Reached XP level 1. HP: 16/16 MP: 1/1
     3 | D:5      | Found Weutapp's Antique Armour Boutique.
     7 | D:5      | Found Lemejo's Distillery.
     8 | D:5      | Found Ziawax's Assorted Antiques.
    12 | D:5      | Noticed a scorpion
    64 | D:5      | Reached XP level 2. HP: 13/21 MP: 2/2
    74 | D:5      | Noticed a centaur
    91 | D:5      | Found Gulaus's General Store.
   100 | D:5      | Demolished by a sleepcap

Illustrated notes

Levels and vault maps discovered:
D:5:      layout_rooms, kennysheep_little_box, gup_sewer_entry_bowl,
          minmay_shop_grid_forest, sigmund_army

Action                     || total
---------------------------++-------
  Melee: Falchion          ||    15
         Constrict         ||     5
         Tentacles         ||     3
    Use: Scroll            ||     2
   Stab: Sleeping          ||     1
 Armour: Skin              ||     1
  Dodge: Dodged            ||     7
  Block: Kite shield       ||     1

Table legend: (Time is in decaauts)
 A = Elapsed time spent in this place.
 B = Non-inter-level travel time spent in this place.
 C = Inter-level travel time spent in this place.
 D = Time resting spent in this place.
 E = Time spent auto-exploring this place.
 F = Levels seen in this place.
 G = Mean time per level.
                   A        B        C        D        E       F      G
               +--------+--------+--------+--------+--------+-----+--------+
         Total |    103 |    103 |      0 |      0 |      0 |   1 |  103.0 |
       Dungeon |    103 |    103 |      0 |      0 |      0 |   1 |  103.0 |
               +--------+--------+--------+--------+--------+-----+--------+

Top non-repeatable levels by time:
     D:5: 103 daAuts
